 Dungeon Crawl Stone Soup version 0.23.2 (webtiles) character file.

Game seed: 3167121960411116734

37 Borgoz the Ducker (level 3, -2/29 (30) HPs)
             Began as a Ghoul Gladiator on Apr 3, 2019.
             Splashed by a jelly's acid (3 damage)
             ... on level 2 of the Dungeon.
             The game lasted 00:01:15 (1127 turns).

Borgoz the Ducker (Ghoul Gladiator)                 Turns: 1127, Time: 00:01:16

HP:   -2/29 (30)    AC:  4    Str: 17    XL:     3   Next: 41%
MP:   2/2           EV: 12    Int:  9    God:
Gold: 68            SH:  0    Dex: 10    Spells: 2/2 levels left

rFire    . . .     SeeInvis .   l - +0 dagger (drain)
rCold    + . .     Gourm    .   (no shield)
rNeg     + + +     Faith    .   b - +0 leather armour
rPois    ∞         Spirit   .   c - +0 helmet
rElec    .         Reflect  .   (no cloak)
rCorr    .         Harm     .   (no gloves)
MR       .....                  (no boots)
Stlth    +.........             (no amulet)
HPRegen  0.00/turn              (no ring)
MPRegen  0.08/turn              (no ring)

@: brilliant, rotting
A: rotting body, claws 1, carnivore, cold resistance 1, negative energy
resistance 3, inhibited regeneration, torment resistance, unbreathing
a: no special abilities


You were on level 2 of the Dungeon.
You were not hungry.

You visited 1 branch of the dungeon, and saw 2 of its levels.

You collected 68 gold pieces.

Inventory:

Hand Weapons
 a - a +0 rapier
 l - a +0 dagger of draining (weapon)
Missiles
 d - 2 throwing nets (quivered)
Armour
 b - a +0 leather armour (worn)
 c - a +0 helmet (worn)
Scrolls
 g - a scroll of teleportation {unknown}
 h - 3 scrolls of remove curse {unknown}
 i - a scroll of blinking {unknown}
 j - 2 scrolls of identify {unknown}
 k - a scroll of amnesia {unknown}
Potions
 e - a potion of brilliance
 m - a potion of magic {unknown}
 o - a potion of haste {unknown}
Comestibles
 f - a ration
 n - a chunk of flesh


   Skills:
 + Level 2.4 Fighting
 * Level 3.0 Short Blades
 - Level 1.7 Throwing
 * Level 1.1 Armour
 * Level 3.1 Dodging
 + Level 0.9 Stealth


You had 2 spell levels left.
You didn't know any spells.
Your spell library was empty.

Dungeon Overview and Level Annotations

Branches:
Dungeon (2/15)

Altars:


Innate Abilities, Weirdness & Mutations

Your body is rotting away.
You thrive on raw meat.
You are immune to poison.
You have sharp fingernails.
You are carnivorous and can eat meat at any time.
Your flesh is cold resistant. (rC+)
You are immune to negative energy. (rN+++)
You do not regenerate when monsters are visible.
You are immune to unholy pain and torment.
You can survive without breathing.


Message History

The jelly barely misses you.
You are too injured to fight recklessly!
You are too injured to fight recklessly!
You are too injured to fight recklessly!
You hit the jelly.
Your claws burn!
* * * LOW HITPOINT WARNING * * *
The jelly is heavily wounded.
The jelly hits you.
* * * LOW HITPOINT WARNING * * *
You are splashed with acid.
* * * LOW HITPOINT WARNING * * *
Throwing (i - inventory)
d - 3 throwing nets (quivered)
Press: ? - help, Shift-Dir - straight line, f - jelly
Aim: a jelly (heavily wounded, heavily drained)
You throw a throwing net. The throwing net hits the jelly.
The jelly is caught in the net!
The jelly is heavily wounded.
The jelly struggles against the net.
You hit the jelly. You drain the jelly.
Your claws burn!
You die...

#?# .#..#
.........
#.#......
.........
####.#......
#...........
####.##.J......
#..<...@..$.#
#...........#
#######.....#
......#
##.##### #.#
#.# #.# #.#


You could see a jelly (caught).

Vanquished Creatures
  An adder (D:2)
  A dart slug (D:1)
  A giant cockroach (D:1)
  2 goblins (D:1)
  5 hobgoblins (D:1)
  4 jackals (D:1)
  2 bats (D:1)
  2 frilled lizards (D:1)
  4 kobolds (D:1)
  4 rats
26 creatures vanquished.

Notes
Turn   | Place    | Note
-------+----------+-------------------------------------------
     0 | D:1      | Borgoz the Ghoul Gladiator began the quest for the Orb.
     0 | D:1      | Reached XP level 1. HP: 17/17 MP: 0/0
   327 | D:1      | Reached XP level 2. HP: 22/24 MP: 1/1
   714 | D:1      | Reached XP level 3. HP: 29/29 MP: 2/2
   982 | D:1      | Reached skill level 1 in Armour
  1125 | D:2      | HP: 1/29 [acid (6)]
  1127 | D:2      | Splashed by a jelly's acid

Skill      XL: |  1  2  3 |
---------------+----------+-----
Dodging        | 3 |  3.1
Short Blades   | 3 |  3.0
Armour         | 1 |  1.1
Fighting       | |  2.4
Throwing       | |  1.7
Stealth        | |  0.9

Action                   || total
-------------------------++-------
Melee: Rapier            ||    85
       Dagger            ||    33
Throw: Throwing net      ||     1
  Use: Potion            ||     1
 Stab: Sleeping          ||     1
  Eat: Chunk             ||     4
Armor: Leather armour    ||    43
Dodge: Dodged            ||    97
